 Dungeon Crawl Stone Soup version 0.26.0-10-g1f06aea511 (webtiles) character file.

Game seed: 10579688451097836017

3849 wakim the Destroyer (level 9, -17/45 HPs)
             Began as a Deep Elf Conjurer on Jan 23, 2021.
             Was a Believer of Vehumet.
             Blown up by a gnoll shaman (33 damage)
             ... with a disintegration bolt
             ... on level 7 of the Dungeon.
             The game lasted 00:34:11 (7945 turns).

wakim the Destroyer (Deep Elf Conjurer)             Turns: 7945, Time: 00:34:11

Health: -17/45     AC:  2    Str:  4    XL:     9   Next: 98%
Magic:  20/25      EV: 13    Int: 25    God:    Vehumet [**....]
Gold:   378        SH:  0    Dex: 13    Spells: 18/29 levels left

rFire    . . .     SeeInvis .   A - +3 dagger
rCold    + . .     Faith    .   (no shield)
rNeg     . . .     Spirit   .   a - +0 robe
rPois    +         Reflect  .   (helmet restricted)
rElec    .         Harm     .   (no cloak)
rCorr    .         Rampage  .   (no gloves)
Will     .....                  (no boots)
Stlth    ++........             (no amulet)
HPRegen  0.15/turn              o - ring of poison resistance
MPRegen  0.19/turn              (no ring)

@: no status effects
A: horns 1, cold resistance 1, weak 1
a: Renounce Religion


You were on level 7 of the Dungeon.
You worshipped Vehumet.
Vehumet was pleased with you.
You visited 2 branches of the dungeon, and saw 8 of its levels.

You collected 378 gold pieces.

Inventory:

Hand Weapons
 A - a +3 dagger (weapon)
Armour
 a - a +0 robe (worn)
 s - a +1 helmet
Jewellery
 o - a ring of poison resistance (left hand)
Wands
 n - a wand of acid (3)
 t - a wand of flame (20)
 v - a wand of random effects (23)
 B - a wand of iceblast (6)
Scrolls
 g - 3 scrolls of identify
 i - 9 scrolls of remove curse
 j - a scroll of immolation
 p - a scroll of enchant armour
Potions
 b - a potion of flight
 c - 3 potions of heal wounds
 d - a potion of attraction {unknown}
 e - 2 potions of might
 f - a potion of brilliance


   Skills:
 - Level 2.7 Dodging
 - Level 2.7 Stealth
 + Level 10.7 Spellcasting
 * Level 12.6 Conjurations
 - Level 4.0 Translocations


You had 18 spell levels left.
You knew the following spells:

 Your Spells              Type           Power        Failure   Level
a - Magic Dart            Conj           100%         1%          1
b - Searing Ray           Conj           100%         1%          2
c - Iskenderun's Mystic   Conj/Tloc      53%          1%          4
d - Gell's Gravitas       Tloc           16%          2%          3
e - Shock                 Conj/Air       100%         1%          1

Your spell library contained the following spells:

 Spells                   Type           Power        Failure   Level
 Dazzling Flash           Conj/Hex       90%          1%          3
 Fulminant Prism          Conj/Hex       22%          3%          4
 Confusing Touch          Hex            13%          14%         3
 Petrify                  Tmut/Erth      13%          41%         4
 Metabolic Englaciation   Hex/Ice        6%           77%         5
 Yara's Violent Unravell  Hex/Tmut       6%           77%         5


Dungeon Overview and Level Annotations

Branches:
Dungeon (7/15)             Temple (1/1) D:5

Altars:
Dithmenos
Elyvilon
Fedhas
Gozag
Hepliaklqana
Kikubaaqudgha
Makhleb
Nemelex Xobeh
Ru
Sif Muna
Trog
Uskayaw
Vehumet
Wu Jian
Xom
Yredelemnul
Zin
The Shining One

Shops:
D:4 [   D:6 (   D:7 :


Innate Abilities, Weirdness & Mutations

You have a pair of small horns on your head.
Your flesh is cold resistant. (rC+)
You are weak. (Str -2)


Message History

The gnoll is heavily wounded.
Casting: Magic Dart (safe; 1% risk of failure)
Confirm with . or Enter, or press ? or * to list all spells.
Aiming: Searing Ray (safe; 1% risk of failure)
Press: ? - help, Shift-Dir - straight line, f/p - gnoll
Aim: a gnoll, wielding a +0 flail (heavily wounded, 15% to evade)
The searing ray hits the gnoll!
You kill the gnoll!
Vehumet accepts your kill.
You feel your power returning. (Press . to maintain the ray.)
The gnoll shaman zaps a wand.
You are blasted!
* * * LOW HITPOINT WARNING * * *
Unknown command.
Okay, then.
The gnoll shaman mumbles some strange prayers to its god against you.
You easily resist.
The gnoll shaman zaps a wand.
You are blasted!
Ouch! That really hurt!
You die...

#.# #g.####### #.#
.# #..g†..g.#####.#
.#
#.....#####.##...(#
.#
#.##..#####.#.###.##
# #
#............#..# #
.. #..#####........#
#.#..† #..
#..#...#.# .....#
... #..##(##.#
#..... ##.
#@.##)##># .....
#..##.##.# ...?
...##)##.# ....
##.###.##.# ...
..##.....#
.###..#### #. #..#
#. #..# #.. #.# #..#


You could see a gnoll shaman.

Vanquished Creatures
  Pikel (D:6)
  A troll (D:7)
  Eustachio (D:5)
  3 yaks
  Duvessa (D:4)
  2 water moccasins
  An orc warrior (D:7)
  An ice beast (D:7)
  3 ogres
  A centaur (D:6)
  A big kobold (D:7)
  4 bullfrogs
  Dowan (D:4)
  A scorpion (D:7)
  8 wights (D:6)
  4 howler monkeys
  A centaur zombie (D:6)
  2 hounds
  2 bullfrog skeletons
  2 centaur skeletons
  2 iguanas
  3 orc wizards
  7 worker ants
  A hound skeleton (D:5)
  9 gnolls
  10 adders
  2 shadow imps
  A white imp (D:5)
  An ufetubus (D:7)
  2 adder skeletons
  2 worms (D:5)
  The ghost of sanka the Sneak, a weakling NaDe (D:4)
  4 dart slugs
  7 leopard geckos
  12 orcs
  6 bats
  5 giant cockroaches
  9 goblins
  8 hobgoblins
  17 jackals
  4 quokkas
  3 ball pythons
  17 kobolds
  A leopard gecko skeleton (D:6)
  A quokka zombie (D:6)
  11 rats
187 creatures vanquished.

Notes
Turn   | Place    | Note
-------+----------+-------------------------------------------
     0 | D:1      | wakim the Deep Elf Conjurer began the quest for the Orb.
     0 | D:1      | Reached XP level 1. HP: 10/10 MP: 6/6
   139 | D:1      | Reached XP level 2. HP: 15/15 MP: 6/8
   142 | D:1      | Learned a level 2 spell: Searing Ray
   361 | D:1      | Reached XP level 3. HP: 19/19 MP: 3/10
   387 | D:1      | Reached skill level 5 in Conjurations
   499 | D:1      | Found a sparkling altar of Nemelex Xobeh.
   843 | D:2      | Reached XP level 4. HP: 24/24 MP: 6/12
  1156 | D:2      | Learned a level 4 spell: Iskenderun's Mystic Blast
  1160 | D:2      | Learned a level 3 spell: Gell's Gravitas
  1632 | D:3      | Found a sacrificial altar of Ru.
  1743 | D:3      | Reached skill level 6 in Conjurations
  2032 | D:3      | Reached XP level 5. HP: 28/28 MP: 10/13
  2331 | D:4      | Found a runed translucent door.
  2335 | D:4      | Noticed sanka's ghost (weakling NaDe)
  2339 | D:4      | Reached skill level 1 in Translocations
  2391 | D:4      | Noticed an ogre
  2407 | D:4      | Killed an ogre
  2408 | D:4      | Reached skill level 5 in Spellcasting
  2498 | D:4      | Found Xeinigely's Armour Boutique.
  2588 | D:4      | Reached XP level 6. HP: 31/32 MP: 12/15
  3011 | D:4      | Reached skill level 7 in Conjurations
  3327 | D:4      | Found a runed translucent door.
  3443 | D:4      | Noticed Dowan
  3699 | D:4      | Killed sanka's ghost
  3903 | D:5      | Entered Level 5 of the Dungeon
  3996 | D:5      | Reached XP level 7. HP: 30/36 MP: 11/17
  4054 | D:5      | Noticed a yak
  4055 | D:5      | Noticed a yak
  4357 | D:5      | Noticed a yak
  4375 | D:4      | Killed a yak
  4444 | D:5      | Killed a yak
  4445 | D:5      | Reached skill level 8 in Conjurations
  4664 | D:5      | Killed a yak
  4938 | D:5      | Reached XP level 8. HP: 41/41 MP: 15/20
  5279 | D:5      | Noticed Eustachio
  5301 | D:5      | Killed Eustachio
  5302 | D:5      | Reached skill level 9 in Conjurations
  5469 | D:5      | Found a staircase to the Ecumenical Temple.
  5474 | Temple   | Entered the Ecumenical Temple
  5490 | Temple   | Became a worshipper of Vehumet
  5665 | D:4      | Noticed Duvessa
  5666 | D:4      | Killed Dowan
  5998 | D:4      | Killed Duvessa
  6172 | D:6      | Found Kufilefaca's Antique Weapon Emporium.
  6218 | D:6      | Reached skill level 10 in Conjurations
  6514 | D:6      | Reached XP level 9. HP: 45/45 MP: 18/23
  6583 | D:6      | Reached * piety under Vehumet
  6583 | D:6      | Offered knowledge of Sandblast by Vehumet.
  6696 | D:6      | Reached skill level 11 in Conjurations
  6891 | D:6      | Noticed Pikel
  6896 | D:6      | Killed Pikel
  6986 | D:6      | Found a shadowy altar of Dithmenos.
  6986 | D:6      | Found a burning altar of Makhleb.
  7183 | D:6      | Gained mutation: Your flesh is cold resistant. (rC+)
                  | [potion of mutation]
  7183 | D:6      | Gained mutation: You are weak. (Str -2) [potion of
                  | mutation]
  7183 | D:6      | Gained mutation: You have a pair of small horns on your
                  | head. [potion of mutation]
  7436 | D:7      | Reached skill level 10 in Spellcasting
  7516 | D:7      | Reached skill level 12 in Conjurations
  7529 | D:7      | Noticed a troll
  7687 | D:7      | Killed a troll
  7772 | D:7      | Found Bouzih's Book Shop.
  7857 | D:7      | Reached ** piety under Vehumet
  7857 | D:7      | Offered knowledge of Shock by Vehumet.
  7886 | D:7      | Learned a level 1 spell: Shock
  7945 | D:7      | Blown up by a gnoll shaman

Illustrated notes

Levels and vault maps discovered:
D:1:      tarquinn_simple_flora_water_e, layout_rooms,
          nemelex_diamond_rough_becter
D:2:      layout_basic
D:3:      layout_basic, general_overflow_altar
D:4:      minmay_chambers_of_threes, layout_basic, serial_shops,
          kennysheep_mini_moat, ebering_ghost_sewer_f, uniq_duvessa
D:5:      layout_basic, temple_statues, small_statue_intersection,
          grunt_ministairs_7, uniq_eustachio
D:6:      layout_rooms, gammafunk_temple_overflow_elements, serial_shops,
          kennysheep_mini, uniq_pikel
D:7:      layout_loops_ring, serial_shops, shop, shop
Temple:   nicolae_temple_x_marks_the_god

Skill      XL: |  1  2  3  4  5  6  7  8  9 |
---------------+----------------------------+-----
Conjurations   | 5 6 7 8 10 12 | 12.6
Spellcasting   | 4 5 6 8 10 | 10.7
Translocations | 1 2 4 |  4.0
Dodging        | |  2.7
Stealth        | |  2.7

Action                   |  1- 3 |  4- 6 |  7- 9 || total
-------------------------+-------+-------+-------++-------
Melee: Dagger            |       |       |     1 ||     1
 Cast: Magic Dart        |    42 |    72 |    76 ||   190
       Searing Ray       |     5 |    20 |    67 ||    92
       Iskenderun's Myst |       |       |     4 ||     4
       Gell's Gravitas   |       |       |     1 ||     1
       Shock             |       |       |     1 ||     1
  Use: Scroll            |       |       |    12 ||    12
       Potion            |       |       |     8 ||     8
Armor: Robe              |     5 |     2 |     7 ||    14
Dodge: Dodged            |    16 |    19 |    39 ||    74
